 Dungeon Crawl Stone Soup version 0.29.1-1-gd02db6906a (webtiles) character file.

Game seed: 13900220871172507765

417 firemarshallily the Sneak (level 6, -3/42 HPs)
             Began as an Octopode Brigand on Oct 20, 2022.
             Slain by an ogre
             ... wielding a +0 giant spiked club
              (34 damage)
             ... on level 4 of the Dungeon.
             The game lasted 00:12:30 (3536 turns).

firemarshallily the Sneak (Octopode Brigand)        Turns: 3536, Time: 00:12:30

Health: -3/42      AC:  5    Str: 10    XL:     6   Next: 93%
Magic:  6/6        EV: 18    Int: 14    God:
Gold:   61         SH:  0    Dex: 15    Spells: 5/5 levels left

rFire   . . .      SeeInvis .   w - +2 dagger (vamp)
rCold   . . .      Faith    .   (no shield)
rNeg    . . .      Spirit   .   (helmet restricted)
rPois   .          Reflect  .   (no amulet)
rElec   .          Harm     .   f - +4 ring of evasion
rCorr   .          Rampage  .   h - +4 ring of protection
Will    .....                   (no ring)
Stlth   +++++.....              (no ring)
HPRegen 0.14/turn               (no ring)
MPRegen 0.10/turn               (no ring)
                                (no ring)
                                (no ring)

@: no status effects
A: almost no armour, amphibious, 8 rings, camouflage 1, gelatinous body 1,
(nimble swimmer 1), tentacles
a: no special abilities


You were on level 4 of the Dungeon.
You visited 1 branch of the dungeon, and saw 4 of its levels.

You collected 193 gold pieces.
You spent 132 gold pieces at shops.

Inventory:

Hand Weapons
 a - a +2 dagger of draining
 w - a +2 vampiric dagger (weapon)
Missiles
 b - 15 poisoned darts (quivered)
 c - 3 curare-tipped darts
 j - 36 stones
 m - a throwing net
Jewellery
 f - a +4 ring of evasion (left tentacle)
 h - a +4 ring of protection (right tentacle)
Wands
 s - a wand of polymorph (8)
Scrolls
 d - 2 scrolls of teleportation
 i - 2 scrolls of fog {unknown}
 k - a scroll of blinking {unknown}
 l - a scroll of amnesia
 n - 2 scrolls of fear {unknown}
 o - a scroll of torment
 p - a scroll of summoning
 u - a scroll of silence {unknown}
 v - a scroll of enchant weapon {unknown}
Potions
 e - 3 potions of flight {unknown}
 g - a potion of lignification {unknown}
 q - a potion of cancellation {unknown}
 r - a potion of heal wounds
 t - a potion of curing {unknown}


   Skills:
 + Level 3.3 Fighting
 * Level 4.4 Short Blades
 - Level 2.0 Throwing
 + Level 2.7 Dodging
 * Level 7.7 Stealth


You had 5 spell levels left.
You didn't know any spells.
Your spell library contained the following spells:

 Spells                   Type           Power      Damage    Failure   Level
 Shock                    Conj/Air       0%         1d3       28%         1
 Blink                    Tloc           0%         N/A       41%         2
 Conjure Flame            Conj/Fire      0%         6-21      65%         3
 Ignite Poison            Fire/Tmut/Pois 0%         N/A       65%         3
 Inner Flame              Hex/Fire       0%         N/A       65%         3
 Lesser Beckoning         Tloc           0%         N/A       65%         3
 Swiftness                Air            0%         N/A       65%         3
 Airstrike                Air            0%         2d(0-16)  96%         4
 Cause Fear               Hex            0%         N/A       96%         4
 Sticky Flame             Conj/Fire      0%         2d3       96%         4
 Manifold Assault         Tloc           0%         N/A       100%        5
 Discord                  Hex            0%         N/A       100%        8


Dungeon Overview and Level Annotations

Branches:
Dungeon (4/15)             Temple (0/1) D:4

Altars:
Ru
Yredelemnul

Shops:
D:2 ?=**[


Innate Abilities, Weirdness & Mutations

You cannot wear most types of armour.
You are amphibious.
You can wear up to eight rings at the same time.
Your skin changes colour to match your surroundings (Stealth+).
Your rubbery body absorbs attacks. (AC +1, EV +1)
((You are camouflaged when in or above water. (Stealth+)))
You have tentacles for arms and can constrict up to eight enemies at once.


Message History

You constrict the gnoll. The gnoll misses you. The gnoll closely misses you.
You hit the gnoll.
The gnoll is severely wounded.
You constrict the gnoll. The worm bites you! The gnoll closely misses you.
The gnoll completely misses you.
You hit the gnoll.
You feel better.
You kill the gnoll!
You hit the worm.
You feel better.
You grab the worm. You squeeze the worm.
The worm is heavily wounded.
You constrict the worm. The gnoll misses you. The worm closely misses you.
You hit the worm.
The worm is heavily wounded.
You constrict the worm. The gnoll barely misses you.
You hit the worm but do no damage. You squeeze the worm.
The worm is almost dead.
You constrict the worm.
You kill the worm!
The gnoll barely misses you.
You barely miss the ogre. You closely miss the ogre.
The gnoll completely misses you. The ogre closely misses you.
You hit the ogre.
You feel better.
Your squeeze misses the ogre.
The ogre is moderately wounded.
The gnoll hits you from afar with a +0 halberd.
You barely miss the ogre. Your squeeze misses the ogre.
The ogre is moderately wounded.
The ogre closely misses you. The gnoll completely misses you.
You hit the ogre.
You feel better.
Your squeeze misses the ogre.
The ogre is moderately wounded.
You hit the ogre.
The ogre is moderately wounded.
The gnoll misses you. The ogre barely misses you.
You hit the ogre. You squeeze the ogre!
The ogre is severely wounded.
The gnoll closely misses you.
You hit the ogre.
The ogre is severely wounded.
The ogre hits you with a +0 giant spiked club!!
Ouch! That really hurt!
You die...

########## #.@O......
#)#######. ########g#
#......#g# ######
#.####.#g#
.....###+####.#.#
..............#.#
....))........#.#
...)).........#.#######.


You could see an ogre and 3 gnolls.

Vanquished Creatures
  A phantom (D:4)
  A jelly (D:4)
  A hound (D:4)
  2 orc wizards (D:4)
  4 gnolls (D:4)
  7 adders
  An adder zombie (D:2)
  An adder skeleton (D:2)
  4 worms
  2 dart slugs
  14 orcs (D:4)
  8 ball pythons
  5 endoplasms
  3 giant cockroaches
  5 goblins
  7 hobgoblins
  3 jackals (D:3)
  8 kobolds
  7 quokkas
  8 bats
  4 frilled lizards
  6 rats
  A butterfly (D:4)
103 creatures vanquished.

Vanquished Creatures (others)
  4 withered plants (D:2)
4 creatures vanquished.

Grand Total: 107 creatures vanquished

Notes
Turn   | Place    | Note
-------+----------+-------------------------------------------
     0 | D:1      | firemarshallily the Octopode Brigand began the quest for
                  | the Orb.
     0 | D:1      | Reached XP level 1. HP: 14/14 MP: 1/1
   257 | D:1      | Reached XP level 2. HP: 19/19 MP: 2/2
   730 | D:1      | Reached XP level 3. HP: 24/24 MP: 3/3
  1173 | D:2      | Found Voppimo's Antique Armour Emporium.
  1185 | D:2      | Found Omeblyw's General Store.
  1188 | D:2      | Reached skill level 6 in Stealth
  1253 | D:2      | Identified the +0 ring mail "Uracath" {Str+8 Dex-2 Stlth-}
  1299 | D:2      | Reached XP level 4. HP: 30/30 MP: 4/4
  1498 | D:2      | Found Seocrefribb's Magic Scroll Emporium.
  1520 | D:2      | Found Jucwoecun's General Store.
  1615 | D:2      | Found Leaginau's Jewellery Boutique.
  1651 | D:2      | Found a faded altar of an unknown god.
  1798 | D:2      | Bought 2 potions of heal wounds for 110 gold pieces
  2221 | D:3      | Reached XP level 5. HP: 35/35 MP: 5/5
  2666 | D:2      | Bought a scroll of identify for 22 gold pieces
  2786 | D:4      | Found a basalt altar of Yredelemnul.
  2802 | D:4      | Found a sacrificial altar of Ru.
  2803 | D:4      | Noticed a phantom
  2817 | D:4      | Killed a phantom
  2818 | D:4      | Reached skill level 7 in Stealth
  2818 | D:4      | Reached XP level 6. HP: 30/42 MP: 6/6
  3142 | D:4      | Found a staircase to the Ecumenical Temple.
  3536 | D:4      | Slain by an ogre

Illustrated notes

Levels and vault maps discovered:
D:1:      lemuel_arrival_tunnels, layout_rooms
D:2:      wander_river, layout_rooms, serial_shops, shop,
          nicolae_shop_statue_plus, nicolae_diamond_shop,
          nicolae_shop_window_shopping, nicolae_shop_hallway_plus,
          chequers_ecumenical_altar_grove, serial_undead, serial_undead_b,
          serial_undead_c, serial_undead_c, serial_undead_d, serial_undead_f,
          serial_undead_c, serial_undead_b, serial_undead_d, serial_park_tiny_2,
          minmay_split_cup_large
D:3:      layout_loops_ring
D:4:      layout_basic, nicolae_overflow_hidden_temple,
          minmay_temple_entry_butterflies, amcnicky_mini_corridor_feature,
          uniq_eustachio

Skill      XL: |  1  2  3  4  5  6 |
---------------+-------------------+-----
Stealth        | 6 7 |  7.7
Short Blades   | 3 4 |  4.4
Dodging        | 2 |  2.7
Fighting       | 3 |  3.3
Throwing       | |  2.0

Action                   |  1- 3 |  4- 6 || total
-------------------------+-------+-------++-------
Melee: Dagger            |    68 |   161 ||   229
       Tentacles         |     7 |    46 ||    53
       Constrict         |    11 |    35 ||    46
       Punch             |     1 |     1 ||     2
  Use: Scroll            |       |     7 ||     7
       Potion            |       |     1 ||     1
 Stab: Sleeping          |    14 |    15 ||    29
Armor: Skin              |     4 |    21 ||    25
Dodge: Dodged            |    25 |   116 ||   141
